 Dungeon Crawl Stone Soup version 0.16-a0-2844-g9b01c91 (webtiles) character file.

531163 Gorice the Impregnable (level 24, -4/211 HPs)
             Began as a Minotaur Gladiator on Nov 25, 2014.
             Was a High Priest of Okawaru.
             Killed from afar by a quicksilver dragon (37 damage)
             ... with a bolt of dispelling energy
             ... on level 5 of the Vaults on Nov 29, 2014.
             The game lasted 12:26:23 (88405 turns).

Gorice the Impregnable (Minotaur Gladiator)        Turns: 88405, Time: 12:26:24

Health: -4/211     AC: 30    Str: 21    XL:     24   Next: 43%
Magic:  27/35      EV: 27    Int: 12    God:    Okawaru [*****.]
Gold:   4151       SH:  0    Dex: 17    Spells: 5 memorised, 27 levels left

rFire  + + +     SeeInvis +     a - +9 lajatang (speed)
rCold  + + +     Clarity  +     f - +0 swamp dragon armour
rNeg   . . .     SustAb   .     (no shield)
rPois  +         Gourm    .     p - +2 hat {MR+}
rElec  +         Spirit   .     e - +2 cloak
rCorr  .         Warding  .     c - +0 pair of gloves "Kleywiy" {+Blink rC+}
rMut   .         Stasis   .     k - +2 pair of boots {run}
MR     +++..                    b - amulet "Odghacem" {Clar +Rage +Inv rC+}
Stlth  +.........               H - +4 ring of protection
                                z - ring of the Forsaken Moons {rElec rF++ rC+ Slay+3 SInv}

@: regenerating (expiring), hasted (expiring), very quick, extremely resistant
to hostile enchantments, very unstealthy
A: retaliatory headbutt, horns 2, agile 1, fire resistance 1, magic resistance
1, forlorn
a: Heroism, Finesse, Renounce Religion, Evoke Blink, Evoke Berserk Rage, Evoke
Invisibility
}: 3/15 runes: serpentine, barnacled, slimy


You were on level 5 of the Vaults.
You worshipped Okawaru.
Okawaru was extremely pleased with you.
You were hungry.

You visited 9 branches of the dungeon, and saw 54 of its levels.
You also visited: Labyrinth and Ice Cave.

You collected 6738 gold pieces.
You spent 2587 gold pieces at shops.

Inventory:

Hand weapons
 a - a +9 lajatang of speed (weapon)
 u - a +5 quarterstaff of speed
 B - a +0 blowgun of evasion
Missiles
 K - 17 curare-tipped needles
 X - 30 steel javelins (quivered)
 Y - 16 throwing nets
Armour
 c - the +0 pair of gloves "Kleywiy" (worn) {+Blink rC+}
   (You found it on level 1 of the Depths)

   It protects you from cold.
   It lets you blink.
 e - a +2 cloak (worn)
 f - a +0 swamp dragon armour (worn)
 k - a +2 pair of boots of running (worn)
 p - a +2 hat of magic resistance (worn)
Rods
 I - a +6 rod of inaccuracy (12/12)
   (You found it on level 5 of the Shoals)
 L - a +0 lightning rod (14/14)
   (You took it off a vampire on level 4 of the Depths)
Jewellery
 b - the amulet "Odghacem" (around neck) {Clar +Rage +Inv rC+}
   (You bought it in a shop on level 5 of the Snake Pit)

   [amulet of clarity]

   It provides mental clarity.
   It protects you from cold.
   It lets you turn invisible.
   It lets you go berserk.
 l - an uncursed ring of teleport control
 v - an uncursed amulet of resist mutation
 z - the ring of the Forsaken Moons (left hand) {rElec rF++ rC+ Slay+3 SInv}
   (You found it on level 3 of the Depths)

   [ring of protection from cold]

   It affects your accuracy and damage with ranged weapons and melee attacks
   (+3).
   It greatly protects you from fire.
   It protects you from cold.
   It insulates you from electricity.
   It enhances your eyesight.
 D - an uncursed amulet of warding
 H - a +4 ring of protection (right hand)
 P - the amulet of Stotaet {rCorr Int+4}
   (You bought it in a shop on level 1 of the Vaults)

   [amulet of resist corrosion]

   It protects you from acid and corrosion.
   It affects your intelligence (+4).
Magical devices
 d - a wand of enslavement (9)
 q - a wand of cold (14)
 E - a wand of disintegration (3)
 F - a wand of fire (7)
 G - a wand of teleportation (7)
 Q - a wand of digging (7)
 W - a wand of fireball (4)
Scrolls
 j - 12 scrolls of identify
 n - 11 scrolls of remove curse
 o - a scroll of blinking
 y - 5 scrolls of teleportation
 J - 2 scrolls of fog
 N - a scroll of fear
Potions
 i - 6 potions of curing
 r - 4 potions of cancellation
 t - 4 potions of agility
 A - 2 potions of might
 C - a potion of resistance
 O - 4 potions of haste
Miscellaneous
 h - a phantom mirror
Comestibles
 g - 27 meat rations
 M - 56 fruits


   Skills:
 + Level 16.3 Fighting
 - Level 14.0 Staves
 - Level 8.1 Throwing
 - Level 22.0 Armour
 - Level 22.0 Dodging
 - Level 10.0 Spellcasting
 - Level 16.0 Charms
 - Level 8.0 Invocations
 - Level 10.0 Evocations


You had 27 spell levels left.
You knew the following spells:

 Your Spells              Type           Power        Failure   Level  Hunger
F - Flight                Chrm/Air       ####......   1%          3    ##.....
H - Haste                 Chrm           #####...     2%          6    #######
M - Repel Missiles        Chrm/Air       ####..       1%          2    None
R - Regeneration          Chrm/Necr      ####......   1%          3    ##.....
S - Swiftness             Chrm/Air       ####....     1%          2    None


Dungeon Overview and Level Annotations

Branches:
Dungeon (15/15)            Temple (1/1) D:7            Lair (8/8) D:10
 Shoals (5/5) Lair:3        Snake (5/5) Lair:4        Slime (6/6) Lair:7
    Orc (4/4) D:11            Elf (0/3) Orc:3        Vaults (5/5) D:13
  Crypt (0/3) Vaults:2     Depths (5/5) D:15            Zot (0/5) Depths:5

Altars:
Ashenzari
Cheibriados
Dithmenos
Elyvilon
Fedhas
Gozag
Kikubaaqudgha
Makhleb
Nemelex Xobeh
Okawaru
Qazlal
Ru
Sif Muna
Trog
Vehumet
Xom
Yredelemnul
Zin
The Shining One
Beogh
Jiyva

Shops:
Orc:1 (   Orc:4 =(((   Shoals:3 ?   Snake:4 (   Snake:5 =   Vaults:1 :*

Portals:
Hell: Depths:1 Depths:2 Depths:3 Depths:4 Depths:5
Abyss: Depths:2 Depths:4
Pandemonium: Depths:2 Depths:3 Depths:5
Ziggurat: Depths:5
Trove: D:13 (give +4 demon blade)

Annotations:
D:5 vpUX: FoFi ghost w elect wpn!, hackum's ghost, average FoFi
D:6 DsCK w chaos wpn!, thetao's ghost, experienced DsCK
Shoals:4 runed door
Depths:1 runed door
Depths:4 exclusion: door


Innate Abilities, Weirdness & Mutations

You reflexively headbutt those who attack you in melee.
You have a pair of horns on your head.
You are agile. (Dex +2)
Your flesh is heat resistant.
You are resistant to hostile enchantments.
You have difficulty communicating with the divine.


Message History

Unknown command.
Unknown command.
Unknown command.
Read which item? (? for menu, Esc to quit)
As you read the scroll of teleportation, it crumbles to dust.
You feel strangely unstable.
The stone giant throws a large rock.
The large rock misses you.
The vault sentinel blows a loud note on a signal horn!
The stone giant throws a large rock.
The large rock hits you!
* * * LOW HITPOINT WARNING * * *
Unknown command.
Unknown command.
Drink which item? (? for menu, Esc to quit)
You feel better.
The quicksilver dragon breathes energy at you.
The bolt of dispelling energy hits you!
You feel strangely stable.
Your magical effects are unravelling.
Your magical contamination has completely faded away.
You die...

,*,,,,,,*,,*,...#.*,*,,,*,,,*,*,,
,,*,,,,**,,#....#.#,,,*,*,*,,,*,*
,,,*,,**#e.#....#.#,#,*,*,*,*,,,*
,,,,***##..#....#.#.#,,,*,*,*,*,*
*,,,,,,....#....#(#C#,*,*,*,*,*,*
**,,,,,...oe........*,*,*,,,,,*,*
*****#####...c....######*********
,,,,,.......p.DD.(.......,,,,,,,,
,,,,.......ooppD@........,,,,,,,,
,,,,.......)CHcDt........,,,,,,,,
,,,,........†GC(.Q......,,,,,,,,,
*****#####...CD...######*********
,,,,,,,,.......s(...,,,,,,,,,,,,,
,,,,,,,.[.(#.Q..#p...,,,,,,,,,,,,
*,,,,,...(.#....#..##*,,*,*,*,*,*
,*,,,,,....#....#..#,,,,,,,,,,,,,
,,*,,,,,...#....#.,*,,,,,,,,,,,,,


You could see a shadow dragon, a golden dragon, 2 storm dragons, a quicksilver
dragon, a sphinx, 4 stone giants, a vault warden, 2 tengu reavers, 2 yaktaur
captains, a great orb of eyes, a fire crab, 2 vault sentinels, an ironbrand
convoker, an orb spider shaped shifter, an orc warrior, a deep elf fighter and 2
orcs.

Vanquished Creatures
  the royal jelly (Slime:6)
  Sojobo (Vaults:4)
  Norris (Vaults:1)
  Saint Roka (Vaults:2)
  A large abomination (Vaults:4)
  2 golden dragons
  A bone dragon (Depths:5)
  Nikola (Shoals:3)
  4 tentacled monstrosities
  4 caustic shrikes
  2 liches
  7 titans
  A quicksilver dragon (Depths:3)
  4 sphinxes
  Polyphemus (Shoals:4)
  17 acid blobs
  Rupert (Shoals:5)
  Frances (Shoals:4)
  A shadow dragon (Depths:5)
  2 storm dragons
  11 tengu reavers
  9 fire giants
  Ilsuiw (Shoals:3)
  8 greater nagas
  5 azure jellies
  Donald (D:13)
  Wiglaf (Shoals:4)
  15 frost giants
  A draconian zealot (Depths:5)
  5 vault wardens
  6 emperor scorpions
  2 spriggan defenders
  Jorgrun (Depths:4)
  A war gargoyle (D:14)
  27 stone giants
  A draconian shifter (Depths:5)
  4 vampire knights
  17 very ugly things
  A green draconian (Depths:5)
  2 grey draconians (Depths:5)
  A pale draconian (Depths:5)
  2 dire elephants
  2 deep elf annihilators
  A red draconian (Depths:5)
  2 white draconians (Depths:5)
  5 minotaurs
  3 death oozes
  A deep elf death mage (Vaults:4)
  Snorg (Lair:3)
  14 ettins
  11 merfolk javelineers
  24 vault guards (Vaults:4)
  A quicksilver dragon zombie (D:15)
  9 merfolk impalers
  8 fire dragons
  15 yaktaur captains
  5 ironheart preservers
  13 ice dragons
  Fannar (Lair:4)
  11 naga warriors
  Harold (Lair:4)
  4 rakshasas
  A ghost crab (shapeshifter) (Depths:2)
  3 spriggan air magi
  5 merfolk avatars
  9 deep troll earth magi
  15 hydras
  11 centaur warriors
  Erica (Orc:3)
  9 ogre magi
  7 anacondas
  15 great orbs of eyes
  An alligator snapping turtle (Shoals:5)
  A merfolk aquamancer (Shoals:5)
  48 death yaks
  A satyr (Shoals:5)
  3 vampire magi
  13 shock serpents
  2 hell hogs (Depths:2)
  4 orc high priests
  6 tengu warriors
  18 naga sharpshooters
  4 deep troll shamans (Depths:2)
  3 spriggan berserkers
  Nergalle (Lair:7)
  3 salamander mystics
  2 deep elf knights
  4 shadow wraiths
  6 catoblepae
  6 skeletal warriors
  A fire crab (Vaults:3)
  9 sea snakes
  2 hell knights
  A storm dragon skeleton (D:15)
  2 deep elf summoners
  3 giant orange brains
  5 unseen horrors
  A sea snake (shapeshifter) (Depths:2)
  6 flayed ghosts
  8 ironbrand convokers
  3 necromancers
  An ice statue (Lair:6)
  A torturous demonspawn (Depths:5)
  An obsidian statue (Depths:2)
  24 harpies
  A lindwurm (shapeshifter) (Depths:2)
  6 naga ritualists
  3 swamp dragons (Snake:2)
  13 deep trolls
  10 hill giants
  A lindwurm (Lair:5)
  A hill giant (shapeshifter) (Depths:3)
  6 orc knights
  2 infernal demonspawn (Depths:5)
  A shining eye (shapeshifter) (Depths:3)
  19 griffons
  7 wolf spiders
  2 shining eyes
  An anubis guard (shapeshifter) (Depths:2)
  13 salamanders
  11 mana vipers
  A mana viper (shapeshifter) (D:14)
  5 wizards
  A harpy (shapeshifter) (Depths:3)
  An orc sorcerer (Orc:4)
  A red wasp (shapeshifter) (Depths:2)
  11 manticores
  3 fauns (Shoals:5)
  3 deep elf conjurers
  3 red wasps
  12 water nymphs
  10 cyclopes
  33 ugly things
  A sphinx skeleton (D:15)
  6 elephants
  2 eyes of devastation
  A draconian (shapeshifter) (Depths:2)
  12 spiny frogs
  4 centaur zombies
  32 naga magi
  A smoke demon (Orc:4)
  14 sirens
  2 drowned souls (Shoals:5)
  40 black mambas
  16 vault sentinels
  5 guardian serpents
  3 torpor snails
  A torpor snail (shapeshifter) (Vaults:4)
  A black mamba (shapeshifter) (Depths:2)
  An orange demon (Depths:5)
  2 centaur skeletons (D:13)
  14 gargoyles
  2 tormentors (Depths:5)
  An efreet (D:13)
  48 yaktaurs
  8 komodo dragons
  A yaktaur (shapeshifter) (Depths:2)
  3 deep elf priests
  2 wolf spider simulacra (D:14)
  4 tengu conjurers
  3 fire drakes
  7 trolls
  5 wind drakes
  3 kobold demonologists
  6 freezing wraiths
  A troll (shapeshifter) (Depths:2)
  46 merfolk
  7 polar bears
  2 two-headed ogres (shapeshifter)
  15 blink frogs
  A baby alligator (shapeshifter) (Depths:3)
  13 two-headed ogres
  3 trapdoor spider zombies
  66 slime creatures
  A wind drake (shapeshifter) (Depths:3)
  A boulder beetle (Vaults:2)
  A queen bee (shapeshifter) (Depths:2)
  12 snapping turtles
  2 human simulacra (Vaults:3)
  2 spriggans (Depths:2)
  4 basilisks
  11 ravens
  A small abomination (Vaults:1)
  4 trapdoor spiders (Lab)
  A blink frog (shapeshifter) (Depths:2)
  3 air elementals (Depths:5)
  2 centaur simulacra (D:14)
  4 shadows
  9 water elementals
  6 flying skulls (Depths:4)
  A spriggan (shapeshifter) (Vaults:3)
  6 deep elf magi
  A tarantella (shapeshifter) (Depths:2)
  11 redbacks
  5 wraiths
  A basilisk (shapeshifter) (D:11)
  A hog (shapeshifter) (Depths:2)
  Eustachio (D:7)
  16 humans
  A steam dragon (D:10)
  9 vampires
  21 hippogriffs
  9 golden eyes
  A hungry ghost (D:7)
  61 yaks
  7 wargs
  A hippogriff (shapeshifter) (Depths:2)
  52 nagas
  25 water moccasins
  16 wolves
  A soldier ant (shapeshifter) (Depths:3)
  30 orc warriors
  A porcupine (shapeshifter) (Depths:3)
  2 vampire mosquitoes (Vaults:2)
  15 porcupines
  2 swamp worms (Snake:2)
  A red wasp simulacrum (D:15)
  3 mottled dragons
  9 hell hounds (Depths:2)
  3 eyes of draining
  39 ogres
  3 swamp drakes (Snake:2)
  6 sky beasts
  A phantom (D:7)
  A black bear (shapeshifter) (Depths:3)
  4 boggarts
  20 ice beasts
  7 black bears
  A necrophage (D:9)
  5 yellow wasps
  A boring beetle (Lair:6)
  An ogre (shapeshifter) (Depths:1)
  2 tengu (shapeshifter)
  3 boring beetles (shapeshifter)
  18 crocodiles
  23 centaurs
  4 big kobolds
  20 giant frogs
  Blork the orc (D:8)
  2 brain worms
  A giant frog (shapeshifter) (Depths:2)
  A wyvern zombie (D:10)
  2 gnoll sergeants
  5 killer bees (D:10)
  6 scorpions
  A scorpion (shapeshifter) (Depths:1)
  6 electric eels
  24 jellies
  An elf skeleton (D:15)
  2 vampire bats (Orc:1)
  6 crimson imps
  2 lava snakes (D:9)
  10 human zombies (Depths:4)
  36 orc priests
  13 hounds
  5 giant frog zombies
  A gnoll shaman (D:7)
  3 giant frog skeletons
  11 worker ants
  3 quasits
  9 iguanas
  3 orange rats
  28 orc wizards
  31 sheep
  2 hound zombies
  2 mummies
  A worker ant zombie (D:6)
  Robin (D:2)
  69 river rats
  26 adders
  15 gnolls
  3 shadow imps
  7 giant mites
  6 white imps
  5 worms (D:2)
  An ufetubus (D:7)
  2 adder zombies
  9 giant geckos
  An ooze (shapeshifter) (Depths:5)
  An ooze (D:1)
  172 orcs
  A giant cockroach (D:4)
  35 goblins
  29 hobgoblins
  12 jackals
  16 quokkas
  30 bats
  A giant cockroach zombie (D:5)
  2 giant newts
  A giant spore (D:8)
  22 kobolds
  A quokka zombie (D:5)
  23 rats
  2 ballistomycetes
  A crawling corpse (Vaults:4)
  A plant (Shoals:3)
2413 creatures vanquished.

Vanquished Creatures (others)
  2 tengu reavers
  A shock serpent (Snake:1)
  A black mamba (Lair:7)
  19 drowned souls
  A vault sentinel (Vaults:2)
  A yaktaur (Vaults:4)
  A water elemental (Shoals:3)
  A golden eye (Slime:4)
  A worker ant (D:11)
  An orc (Orc:4)
  A giant spore (D:11)
  11 fungi
  8 plants
49 creatures vanquished.

Grand Total: 2462 creatures vanquished

Notes
Turn   | Place    | Note
--------------------------------------------------------------
     0 | D:1      | Gorice, the Minotaur Gladiator, began the quest for the Orb.
     0 | D:1      | Reached XP level 1. HP: 18/18 MP: 1/1
    79 | D:1      | Reached skill level 4 in Staves
   171 | D:1      | Reached XP level 2. HP: 23/25 MP: 1/1
   913 | D:2      | Found an iron altar of Okawaru.
   916 | D:2      | Reached skill level 5 in Staves
   916 | D:2      | Reached XP level 3. HP: 28/30 MP: 2/2
   926 | D:2      | Became a worshipper of Warmaster Okawaru
  1342 | D:2      | Reached skill level 6 in Staves
  1342 | D:2      | Reached XP level 4. HP: 25/37 MP: 2/2
  1399 | D:2      | Found a stormy altar of Qazlal.
  1399 | D:2      | Found an ancient bone altar of Kikubaaqudgha.
  1505 | D:2      | Noticed Robin
  1527 | D:2      | Killed Robin
  2592 | D:3      | Reached XP level 5. HP: 42/42 MP: 2/2
  2734 | D:4      | Found a blossoming altar of Fedhas.
  2735 | D:4      | Noticed a centaur
  2850 | D:4      | Reached skill level 7 in Staves
  2978 | D:4      | Reached skill level 1 in Armour
  3192 | D:4      | Found a glowing golden altar of the Shining One.
  3390 | D:4      | Killed a centaur
  3542 | D:4      | Acquired Okawaru's first power
  3542 | D:4      | Reached XP level 6. HP: 50/50 MP: 3/3
  3837 | D:5      | Entered Level 5 of the Dungeon
  3852 | D:5      | Reached skill level 8 in Staves
  3923 | D:5      | Found a shadowy altar of Dithmenos.
  3956 | D:5      | Found an iron altar of Okawaru.
  3991 | D:5      | Got a smoking dagger
  4108 | D:5      | Reached XP level 7. HP: 56/56 MP: 3/3
  4268 | D:5      | Reached skill level 9 in Staves
  4456 | D:5      | Noticed hackum's ghost (average FoFi)
  4634 | D:6      | Noticed thetao's ghost (experienced DsCK)
  4674 | D:6      | Found a glowing silver altar of Zin.
  5141 | D:6      | Got a colourful robe
  5182 | D:6      | Reached skill level 10 in Staves
  5182 | D:6      | Reached skill level 5 in Armour
  5514 | D:6      | Identified the cursed -5 robe of Ajo Tuch {Slay+4} (You found it on level 6 of the Dungeon)
  5514 | D:6      | Identified the cursed -1 dagger of Juiplye {pierce, rN+ Int-5} (You found it on level 5 of the Dungeon)
  5606 | D:7      | Noticed Eustachio
  5650 | D:7      | Killed Eustachio
  5650 | D:7      | Reached XP level 8. HP: 24/62 MP: 3/3
  6236 | D:7      | Reached skill level 11 in Staves
  6636 | D:7      | Reached skill level 12 in Staves
  6727 | D:7      | Reached XP level 9. HP: 66/68 MP: 4/4
  6730 | D:7      | Found a blossoming altar of Fedhas.
  7137 | D:7      | Found a staircase to the Ecumenical Temple.
  7146 | Temple   | Entered the Ecumenical Temple
  7559 | D:8      | Noticed Blork the orc
  7571 | D:8      | Killed Blork the orc
  7891 | D:8      | Reached skill level 13 in Staves
  8191 | D:8      | Found a shimmering altar of Xom.
  8953 | D:9      | Reached skill level 14 in Staves
  8979 | D:9      | Found a burning altar of Makhleb.
  9062 | D:9      | Reached skill level 1 in Invocations
  9160 | D:9      | Reached XP level 10. HP: 66/74 MP: 3/6
  9222 | D:9      | Found a deep blue altar of Sif Muna.
  9357 | D:10     | Entered Level 10 of the Dungeon
  9374 | D:10     | Noticed an eight-headed hydra
  9791 | D:10     | Found an iron altar of Okawaru.
 10103 | D:10     | Found a staircase to the Lair.
 10210 | Lair:1   | Entered Level 1 of the Lair of Beasts
 10210 | Lair:1   | Found a labyrinth entrance.
 10218 | Lair:1   | Reached skill level 10 in Armour
 10262 | Lab      | Entered a labyrinth
 12878 | Lab      | Reached skill level 5 in Dodging
 13775 | Lab      | Noticed a minotaur
 13815 | Lab      | Killed a minotaur
 13839 | Lab      | Got a brightly glowing morningstar
 13839 | Lab      | Got a steaming leather armour
 13840 | Lab      | Upgraded the game from 0.16-a0-2702-gfff482a to 0.16-a0-2736-g1697cd3
 14261 | Lair:1   | Reached XP level 11. HP: 73/80 MP: 7/7
 14763 | Lair:1   | Noticed a black mamba
 14773 | Lair:1   | Killed a black mamba
 15322 | D:10     | Killed an eight-headed hydra
 15322 | D:10     | Acquired Okawaru's second power
 15690 | D:7      | Noticed an unseen horror
 15709 | D:7      | Killed an unseen horror
 15709 | D:7      | Received a gift from Okawaru
 16044 | Lair:2   | Noticed an eight-headed hydra
 16370 | Lair:2   | Received a gift from Okawaru
 16575 | Lair:2   | Killed an eight-headed hydra
 16575 | Lair:2   | Received a gift from Okawaru
 16667 | Lair:2   | Noticed a seven-headed hydra
 16683 | Lair:2   | Killed a seven-headed hydra
 16683 | Lair:2   | Reached skill level 5 in Invocations
 16873 | Lair:2   | Reached skill level 15 in Armour
 17011 | Lair:2   | Reached XP level 12. HP: 52/88 MP: 12/15
 17046 | Lair:2   | Found a glowing silver altar of Zin.
 17392 | Lair:3   | Found a staircase to the Shoals.
 18069 | Lair:3   | Received a gift from Okawaru
 18069 | Lair:3   | Reached skill level 16 in Armour
 18096 | Lair:3   | Got an ebony lajatang {god gift}
 18097 | Lair:3   | Identified the +2 lajatang of Woetwyopp {elec, rC+ SInv} (Okawaru gifted it to you on level 3 of the Lair of Beasts)
 18437 | Lair:4   | Found a staircase to the Snake Pit.
 18445 | Lair:4   | Noticed a four-headed hydra
 18473 | Lair:4   | Noticed Fannar
 18686 | Lair:4   | Killed a four-headed hydra
 18805 | Lair:4   | Killed Fannar
 18813 | Lair:4   | Reached skill level 17 in Armour
 18845 | Lair:4   | Found a frozen archway.
 18878 | IceCv    | Entered an ice cave
 19129 | Lair:4   | Got an ancient dagger
 19148 | Lair:4   | Noticed a seven-headed hydra
 19155 | Lair:4   | Killed a seven-headed hydra
 19265 | Lair:4   | Noticed Harold
 19278 | Lair:4   | Killed Harold
 19278 | Lair:4   | Received a gift from Okawaru
 19284 | Lair:4   | Found a shimmering altar of Xom.
 19407 | Lair:4   | Reached XP level 13. HP: 59/93 MP: 16/21
 20361 | Lair:5   | Received a gift from Okawaru
 20361 | Lair:5   | Reached skill level 5 in Throwing
 20361 | Lair:5   | Reached skill level 18 in Armour
 20362 | Lair:5   | Got an ichor-stained bardiche {god gift}
 20363 | Lair:5   | Identified the +2 bardiche of Woiceren {antimagic, SInv} (Okawaru gifted it to you on level 5 of the Lair of Beasts)
 22237 | Lair:6   | Received a gift from Okawaru
 22409 | Lair:6   | Reached skill level 19 in Armour
 23842 | Lair:7   | Found a viscous altar of Jiyva.
 23874 | Lair:7   | Received a gift from Okawaru
 23917 | Lair:7   | Reached XP level 14. HP: 38/100 MP: 15/21
 24455 | Lair:7   | Reached skill level 20 in Armour
 25792 | D:11     | Found a staircase to the Orcish Mines.
 26787 | Orc:1    | Entered Level 1 of the Orcish Mines
 26963 | Orc:1    | Found Qula's Antique Weapon Emporium.
 27499 | Orc:2    | Found a roughly hewn altar of Beogh.
 27906 | Orc:3    | Noticed Erica
 27996 | Orc:3    | Killed Erica
 28318 | Lair:1   | Identified the +0 leather armour of the Prince of Darkness {Int-3 Dex-2} (You found it in a labyrinth)
 28353 | Lair:1   | Identified the +8 dagger of Poverty {freeze, rF+ Int+3} (You found it on level 4 of the Lair of Beasts)
 28354 | Lair:1   | Identified the +6 morningstar "Smaarac" {distort, rElec rF+} (You found it in a labyrinth)
 28435 | Lair:5   | Gained mutation: You have difficulty communicating with the divine. [mutagenic glow]
 28696 | Lair:7   | Noticed Nergalle
 28947 | Lair:7   | Found a staircase to the Slime Pits.
 29206 | Lair:7   | Killed Nergalle
 29516 | Lair:8   | Entered Level 8 of the Lair of Beasts
 29839 | Lair:8   | Reached skill level 10 in Dodging
 29874 | Lair:8   | Received a gift from Okawaru
 30060 | Lair:8   | Found a deep blue altar of Sif Muna.
 30946 | Lair:8   | Reached XP level 15. HP: 77/105 MP: 19/22
 30947 | Lair:8   | Upgraded the game from 0.16-a0-2736-g1697cd3 to 0.16-a0-2757-g883b90a
 30993 | Lair:8   | Received a gift from Okawaru
 31025 | Lair:8   | Reached skill level 21 in Armour
 31970 | Orc:3    | Found a staircase to the Elven Halls.
 32217 | Orc:4    | Entered Level 4 of the Orcish Mines
 32928 | Orc:4    | Found Soyxatto's Antique Weapon Shoppe.
 32928 | Orc:4    | Found Joarijeo's Antique Weapon Shoppe.
 33004 | Orc:4    | Found Boraxyze's Weapon Emporium.
 33287 | Orc:4    | Found Tiosuatut's Jewellery Emporium.
 33499 | Orc:4    | Bought an uncursed ring of flight for 227 gold pieces
 33499 | Orc:4    | Bought a +4 ring of protection for 468 gold pieces
 34289 | D:12     | Reached skill level 5 in Fighting
 34605 | D:13     | Found a gate to the Vaults.
 34605 | D:13     | Noticed Donald
 34690 | D:13     | Reached skill level 1 in Evocations
 34976 | D:13     | Received a gift from Okawaru
 35117 | D:13     | Found a shimmering altar of Xom.
 35157 | D:13     | Found a portal to a secret trove of treasure.
 36843 | D:14     | Noticed a tengu reaver
 36876 | D:14     | Killed a tengu reaver
 36878 | D:14     | HP: 1/118 [stone giant/large rock (34)]
 37214 | D:13     | Killed Donald
 37485 | D:14     | Reached XP level 16. HP: 126/126 MP: 2/23
 37826 | D:15     | Entered Level 15 of the Dungeon
 38031 | D:15     | Received a gift from Okawaru
 38063 | D:15     | Reached skill level 5 in Evocations
 38240 | D:15     | Found a staircase to the Depths.
 38932 | Snake:1  | Entered Level 1 of the Snake Pit
 38972 | Snake:1  | Received a gift from Okawaru
 38981 | Snake:1  | Reached skill level 15 in Dodging
 39755 | Snake:1  | Got a crude leather armour
 39803 | Lair:4   | Identified the +4 leather armour of a wizard's laboratory {Str-3 Dex-2} (You found it on level 1 of the Snake Pit)
 41074 | Snake:2  | Found a shadowy altar of Dithmenos.
 41579 | Snake:2  | Reached skill level 10 in Fighting
 43305 | Snake:3  | Reached XP level 17. HP: 122/141 MP: 21/23
 44339 | Snake:4  | Found Prent's Antique Weapon Boutique.
 44604 | Snake:4  | Got an encrusted quarterstaff
 44615 | Snake:4  | Identified the +1 quarterstaff of Armageddon {antimagic, +Inv +Fly rF-} (You found it on level 4 of the Snake Pit)
 45979 | Shoals:1 | Entered Level 1 of the Shoals
 45979 | Shoals:1 | Noticed Snorg
 45992 | Lair:3   | Killed Snorg
 47105 | Shoals:1 | Received a gift from Okawaru
 47108 | Shoals:1 | Got a steaming cloak {god gift}
 47119 | Shoals:1 | Identified the +0 cloak of Hopscotch {rC+ Str+2} (Okawaru gifted it to you on level 1 of the Shoals)
 47301 | Shoals:2 | Got a twisted shortbow
 47838 | Shoals:1 | Identified the +3 shortbow of Valiance {velocity, Int+2} (You found it on level 2 of the Shoals)
 48164 | Shoals:3 | Noticed Ilsuiw
 48609 | Shoals:2 | Upgraded the game from 0.16-a0-2757-g883b90a to 0.16-a0-2822-gb1d3efb
 48949 | Snake:5  | Entered Level 5 of the Snake Pit
 50079 | Snake:5  | Found Graomn's Jewellery Shop.
 50126 | Snake:5  | Reached XP level 18. HP: 153/155 MP: 27/27
 50721 | Snake:5  | Reached skill level 10 in Evocations
 51945 | Snake:5  | Received a gift from Okawaru
 51946 | Snake:5  | Got a transparent plate armour {god gift}
 51981 | Snake:4  | Identified the -5 plate armour of Criel {rC++ Curse} (Okawaru gifted it to you on level 5 of the Snake Pit)
 52889 | Snake:5  | Identified Cigotuvi's Volume of Transmigration
 53294 | Snake:5  | Got a serpentine rune of Zot
 53844 | Lair:1   | Learned a level 2 spell: Repel Missiles
 53847 | Lair:1   | Learned a level 2 spell: Swiftness
 53944 | Vaults:1 | Entered Level 1 of the Vaults
 54071 | Vaults:1 | Noticed Norris
 54096 | Vaults:1 | Paralysed by Norris for 6 turns
 54123 | Vaults:1 | Killed Norris
 54831 | Vaults:1 | Found Vynle's Assorted Antiques.
 54844 | Vaults:1 | Bought an ancient iron amulet for 220 gold pieces
 54846 | Vaults:1 | Identified the amulet of Stotaet {rCorr Int+4} (You bought it in a shop on level 1 of the Vaults)
 54849 | Vaults:1 | Bought a chunky paperback manual for 660 gold pieces
 55087 | Vaults:1 | Gained mutation: You are resistant to hostile enchantments. [potion of beneficial mutation]
 55413 | Vaults:1 | Found Grol's Book Shop.
 56623 | Vaults:2 | Reached XP level 19. HP: 166/168 MP: 27/27
 57214 | Vaults:2 | Upgraded the game from 0.16-a0-2822-gb1d3efb to 0.16-a0-2844-g9b01c91
 57214 | Vaults:2 | Noticed Saint Roka
 57594 | Vaults:2 | Killed Saint Roka
 57594 | Vaults:2 | Received a gift from Okawaru
 57594 | Vaults:2 | Reached skill level 15 in Fighting
 57597 | Vaults:2 | Wow St Roka and a battleaxe of distortion and failed to Abyss me!
 58102 | Vaults:2 | Reached skill level 1 in Charms
 58390 | Vaults:2 | Found a staircase to the Crypt.
 58475 | Vaults:1 | Received a gift from Okawaru
 58548 | Vaults:2 | Reached skill level 1 in Spellcasting
 59332 | Vaults:3 | Received a gift from Okawaru
 59655 | Vaults:3 | Found a glowing silver altar of Zin.
 60666 | D:13     | Identified a scroll of acquirement
 61115 | Vaults:4 | Reached skill level 5 in Charms
 61345 | Vaults:4 | Received a gift from Okawaru
 61811 | Vaults:3 | Reached XP level 20. HP: 96/178 MP: 17/28
 62932 | Lair:1   | Learned a level 3 spell: Flight
 63385 | Shoals:3 | Noticed Nikola
 63548 | Shoals:3 | Found Manaaji's Magic Scroll Emporium.
 63561 | Shoals:3 | Bought a scroll of blinking for 150 gold pieces
 63561 | Shoals:3 | Bought a scroll of enchant armour for 150 gold pieces
 63591 | Shoals:3 | Killed Nikola
 63592 | Shoals:3 | Hmm without rElec, he made only 1 action to drink a healing potion
 64648 | Shoals:3 | Killed Ilsuiw
 64692 | Shoals:3 | Gained mutation: You are agile. (Dex +2) [potion of beneficial mutation]
 64750 | Shoals:4 | Found a runed door.
 64933 | Shoals:4 | Noticed Polyphemus
 64937 | Shoals:4 | Reached skill level 5 in Spellcasting
 64960 | Shoals:4 | Killed Polyphemus
 65102 | Shoals:4 | Noticed Wiglaf
 65127 | Shoals:4 | Killed Wiglaf
 65170 | Shoals:4 | Noticed Frances
 65193 | Shoals:4 | Killed Frances
 65777 | Shoals:5 | Entered Level 5 of the Shoals
 66871 | Shoals:5 | Received a gift from Okawaru
 66949 | Shoals:5 | Identified a +6 rod of inaccuracy (12/12) (You found it on level 5 of the Shoals)
 67247 | Shoals:5 | Noticed Rupert
 67907 | Shoals:5 | Got a barnacled rune of Zot
 68026 | Shoals:5 | Killed Rupert
 68890 | Depths:1 | Entered Level 1 of the Depths
 69021 | Depths:1 | Found a runed door.
 69471 | Depths:1 | Found a gateway to Hell.
 69633 | Depths:1 | Reached XP level 21. HP: 180/184 MP: 28/29
 69953 | Depths:1 | Received a gift from Okawaru
 70135 | Depths:1 | Reached skill level 10 in Charms
 70205 | Depths:1 | Got a pair of heavily runed gloves
 70218 | Depths:1 | Identified a +2 pair of boots of running (You found it on level 1 of the Depths)
 70228 | Depths:1 | Identified the +0 pair of gloves "Kleywiy" {+Blink rC+} (You found it on level 1 of the Depths)
 70232 | Depths:1 | Got a brightly glowing lajatang
 70234 | Depths:1 | Got a steaming lead ring
 70236 | Depths:1 | Identified the ring of the Hero {+Inv Str+2} (You found it on level 1 of the Depths)
 70254 | Depths:1 | Identified the +2 lajatang of Conflict {venom, rF+} (You found it on level 1 of the Depths)
 70278 | D:15     | Identified a +2 rod of the swarm (10/10) (You found it on level 1 of the Depths)
 70857 | Depths:2 | Found a one-way gate leading to the halls of Pandemonium.
 71005 | Depths:2 | Found a one-way gate to the infinite horrors of the Abyss.
 72581 | Depths:2 | Received a gift from Okawaru
 72582 | Depths:2 | Got a brightly glowing short sword {god gift}
 73331 | Depths:3 | Found a white marble altar of Elyvilon.
 73331 | Depths:3 | Found a stormy altar of Qazlal.
 73331 | Depths:3 | Found a glowing silver altar of Zin.
 74351 | Depths:3 | Received a gift from Okawaru
 74359 | Depths:3 | Reached XP level 22. HP: 145/192 MP: 28/32
 74393 | Depths:3 | Paralysed by a vampire knight for 3 turns
 75165 | Depths:3 | Gained mutation: Your flesh is heat resistant. [a shining eye]
 75179 | Depths:3 | handy got a *good* mut from a shining eye!
 75564 | Depths:3 | Received a gift from Okawaru
 75593 | Depths:3 | Got a crude quarterstaff {god gift}
 76654 | Depths:3 | Identified the +2 quarterstaff of Seiroic {crush, MR+ Dex+4} (Okawaru gifted it to you on level 3 of the Depths)
 76974 | Depths:3 | Got a crude marble ring
 76979 | Depths:3 | Identified the ring of the Forsaken Moons {rElec rF++ rC+ Slay+3 SInv} (You found it on level 3 of the Depths)
 76987 | Depths:3 | Identified the Incunabulum of Enhancements and the Birds (You found it on level 3 of the Depths)
 77528 | Lair:1   | Learned a level 6 spell: Haste
 77532 | Lair:1   | Learned a level 3 spell: Regeneration
 78528 | Depths:4 | Found an ancient bone altar of Kikubaaqudgha.
 78802 | Depths:4 | Noticed Jorgrun
 78816 | Depths:4 | Killed Jorgrun
 78948 | Depths:4 | Reached skill level 10 in Spellcasting
 79574 | Depths:5 | Entered Level 5 of the Depths
 79574 | Depths:5 | Found a gateway to a ziggurat.
 79835 | Depths:5 | Received a gift from Okawaru
 80113 | Depths:5 | Reached XP level 23. HP: 164/199 MP: 32/35
 80212 | Depths:5 | Received a gift from Okawaru
 81515 | Depths:5 | Received a gift from Okawaru
 81660 | Depths:5 | Reached skill level 15 in Charms
 81742 | Depths:5 | Found a gate to the Realm of Zot.
 82304 | Snake:5  | Bought the amulet "Odghacem" {Clar +Rage +Inv rC+} for 712 gold pieces
 82429 | Snake:1  | Received a gift from Okawaru
 82523 | Slime:1  | Entered Level 1 of the Pits of Slime
 83503 | Slime:6  | Entered Level 6 of the Pits of Slime
 83527 | Slime:6  | Paralysed by a great orb of eyes for 2 turns
 84139 | Slime:6  | Noticed the royal jelly
 84174 | Slime:6  | Killed the royal jelly
 84817 | Slime:6  | Got a slimy rune of Zot
 85358 | Slime:6  | Identified the Compendium of Boosts and Venom (You found it on level 6 of the Pits of Slime)
 85360 | Slime:6  | Identified Leufucalawn's Disquisition on Aerial Companions (You found it on level 6 of the Pits of Slime)
 85749 | Lair:6   | Got a transparent copper ring
 85898 | Lair:1   | Identified the ring "Cotsoqeza" {+Fly Str+2 Int-4} (You found it on level 6 of the Lair of Beasts)
 85980 | D:9      | Noticed a fire drake
 85988 | D:9      | Killed a fire drake
 86704 | Vaults:5 | Entered Level 5 of the Vaults
 86707 | Vaults:5 | Noticed Sojobo
 86795 | Vaults:4 | Received a gift from Okawaru
 86795 | Vaults:4 | Reached XP level 24. HP: 198/206 MP: 35/35
 86977 | Vaults:4 | Killed Sojobo
 87159 | Vaults:4 | Reached skill level 22 in Armour
 87168 | Vaults:4 | HP: 9/206 [large abomination[a deep elf priest] (23)]
 88405 | Vaults:5 | Killed from afar by a quicksilver dragon

Action                   |  1- 3 |  4- 6 |  7- 9 | 10-12 | 13-15 | 16-18 | 19-21 | 22-24 || total
-------------------------+-------+-------+-------+-------+-------+-------+-------+-------++-------
Melee: Quarterstaff      |    66 |   117 |   376 |   685 |    30 |    27 |       |       ||  1301
       Lajatang          |       |       |       |   188 |  2008 |  2498 |  2670 |  1995 ||  9359
 Fire: Hunting sling     |       |    21 |    43 |    52 |    12 |       |       |       ||   128
       Blowgun           |       |    11 |    74 |     8 |       |       |       |       ||    93
Throw: Stone             |    64 |     3 |     1 |     3 |       |       |       |       ||    71
       Javelin           |       |       |       |    30 |    21 |     5 |    32 |    15 ||   103
       Tomahawk          |       |       |       |     2 |   154 |    28 |       |       ||   184
 Cast: Repel Missiles    |       |       |       |       |       |       |    17 |     6 ||    23
       Swiftness         |       |       |       |       |       |       |     3 |       ||     3
       Flight            |       |       |       |       |       |       |       |     3 ||     3
       Haste             |       |       |       |       |       |       |       |     6 ||     6
       Regeneration      |       |       |       |       |       |       |       |     2 ||     2
Invok: Heroism           |       |       |     4 |    13 |    14 |    12 |    11 |     6 ||    60
       Finesse           |       |       |       |       |       |     2 |     4 |     1 ||     7
 Abil: Evoke Flight      |       |       |       |       |       |    12 |    35 |       ||    47
       Stop Flying       |       |       |       |       |       |     1 |     1 |       ||     2
       Evoke Blink       |       |       |       |       |       |       |       |     1 ||     1
Evoke: Wand              |       |       |     1 |     4 |     5 |    10 |     3 |     4 ||    27
       Rod               |       |       |       |    40 |     7 |       |       |       ||    47
       Lamp of fire      |       |       |       |       |       |     1 |       |       ||     1
  Use: Scroll            |       |     8 |    11 |     9 |    22 |    11 |     9 |    10 ||    80
       Potion            |       |       |       |     9 |     6 |     9 |     2 |     7 ||    33
 Stab: Distracted        |       |       |       |       |       |       |     1 |     1 ||     2
       Petrified         |       |       |       |       |       |       |     4 |       ||     4
  Eat: Chunk             |     1 |     9 |    13 |    21 |    48 |    54 |    51 |    31 ||   228
       Pizza             |       |       |     1 |     1 |     2 |     1 |     1 |     1 ||     7
       Beef jerky        |       |       |     1 |     1 |     2 |       |     1 |       ||     5
       Meat ration       |       |       |       |     2 |     2 |     1 |     1 |     2 ||     8
       Bread ration      |       |       |       |     1 |       |       |     1 |     1 ||     3
       Fruit             |       |       |       |       |       |       |     1 |       ||     1
